 Dungeon Crawl Stone Soup version 0.18.1-48-g4cf74bf (webtiles) character file.

37 Lennu the Grave Robber (level 3, -1/28 HPs)
             Began as a Deep Dwarf Necromancer on July 7, 2016.
             Slain by a goblin (5 damage)
             ... led by Robin
             ... on level 2 of the Dungeon.
             The game lasted 00:03:11 (1248 turns).

Lennu the Grave Robber (Deep Dwarf Necromancer)     Turns: 1248, Time: 00:03:12

Health: -1/28      AC:  3    Str: 12    XL:     3   Next: 23%
Magic:  6/6        EV: 12    Int: 15    God:
Gold:   41         SH:  0    Dex: 13    Spells: 1 memorised, 5 levels left

rFire  . . .     SeeInvis .     g - +0 short sword
rCold  . . .     Gourm    .     j - +0 leather armour
rNeg   . . .     Faith    .     (no shield)
rPois  .         Spirit   .     (no helmet)
rElec  .         Dismiss  .     (no cloak)
rCorr  .         Reflect  .     (no gloves)
SustAt .         Harm     .     (no boots)
MR     .....                    (no amulet)
Stlth  ++........               (no ring)
                                (no ring)

@: non-regenerating, not resistant to hostile enchantments, unstealthy
A: damage resistance, recharge devices, sense surroundings 1, slow regeneration
3
a: Device Recharging


You were on level 2 of the Dungeon.
You were not hungry.

You visited 1 branch of the dungeon, and saw 2 of its levels.

You collected 41 gold pieces.

Inventory:

Hand Weapons
 g - a +0 short sword (weapon)
Armour
 a - a +0 robe
 j - a +0 leather armour (worn)
Wands
 c - a wand of heal wounds (5/9)
Scrolls
 f - a scroll of identify {unknown}
 i - a scroll of blinking {unknown}
 k - a scroll of immolation {unknown}
Potions
 e - a potion of agility {unknown}
Books
 b - a book of Necromancy

   Spells                             Type                      Level
   a - Pain                           Necromancy                   1
   b - Animate Skeleton               Necromancy                   1
   c - Vampiric Draining              Necromancy                   3
   d - Regeneration                   Charms/Necromancy            3
   e - Animate Dead                   Necromancy                   4
   f - Control Undead                 Necromancy                   4
Comestibles
 h - a meat ration


   Skills:
 * Level 0.1 Fighting
 * Level 0.4 Armour
 * Level 2.4 Dodging
 + Level 2.5 Stealth
 + Level 2.2 Spellcasting
 * Level 5.0 Necromancy


You had 5 spell levels left.
You knew the following spells:

 Your Spells              Type           Power        Failure   Level  Hunger
a - Pain                  Necr           ###.         3%          1    #......


Dungeon Overview and Level Annotations

Branches:
Dungeon (2/15)

Altars:

Annotations:
D:2 Robin


Innate Abilities, Weirdness & Mutations

You are resistant to damage.
You can recharge devices by infusing magical energy.
You passively map a small area around you.
You do not regenerate naturally.


Message History

The hobgoblin hits you with a club. The goblin barely misses you.
You hit the goblin.
The goblin is heavily wounded.
The goblin closely misses you. The hobgoblin hits you with a club.
* * * LOW HITPOINT WARNING * * *
The goblin hits you.
* * * LOW HITPOINT WARNING * * *
The goblin hits you.
* * * LOW HITPOINT WARNING * * *
The hobgoblin hits you with a club.
* * * LOW HITPOINT WARNING * * *
The hobgoblin closely misses you. The goblin closely misses you.
The goblin hits you with a club.
You hit the goblin.
You kill the goblin!
The hobgoblin no longer looks unusually strong.
Robin throws the goblin at you! The goblin hits you.
The hobgoblin barely misses you. The hobgoblin hits you with a club.
The hobgoblin barely misses you. The goblin hits you.
You die...

..... * , ....g,* * , ,
...... ,,, , * ,
....######## , #........# ,
* ,, +..$..>..+ , * * * *
#.....g..# ** , , ,
##..g.g.gg###############
........ggg@g.............#
.....<....ggg############.#,
..............# #.#
*.....########.# #.# .....
#.# #.# ... #.# #.#, * * #.#
#.# , #.# #.# , , #.#


You could see Robin, 6 hobgoblins and 5 goblins.

Vanquished Creatures
  An ooze (D:1)
  A dart slug (D:1)
  A giant gecko (D:1)
  4 bats (D:1)
  8 goblins
  2 hobgoblins (D:1)
  3 kobolds (D:1)
  A quokka (D:2)
  2 giant newts (D:1)
  5 rats (D:1)
28 creatures vanquished.

Notes
Turn   | Place    | Note
--------------------------------------------------------------
     0 | D:1      | Lennu the Deep Dwarf Necromancer began the quest for the Orb.
     0 | D:1      | Reached XP level 1. HP: 15/15 MP: 3/3
   113 | D:1      | Reached XP level 2. HP: 22/22 MP: 0/4
   575 | D:1      | Reached skill level 5 in Necromancy
   588 | D:1      | Reached XP level 3. HP: 28/28 MP: 3/6
  1236 | D:2      | Noticed Robin
  1248 | D:2      | Slain by a goblin

Skill      XL: |  1  2 |
---------------+-------+-----
Spellcasting   | 2 |  2.2
Necromancy     | 5 |  5.0
Fighting       | |  0.1
Armour         | |  0.4
Dodging        | |  2.4
Stealth        | |  2.5

Action                   || total
-------------------------++-------
Melee: Short sword       ||    21
 Cast: Pain              ||    40
  Eat: Bread ration      ||     1
Armor: Robe              ||     5
       Leather armour    ||    11
Dodge: Dodged            ||    49
